cohdb
Replays
Latest Replays
All Replays
Popular Replays
Top Player Replays
Match Explorer
How It Works
Community
CoH3 Stats
Reddit
Sign in to upload your games and track your stats! →
Sign in with Steam
Match 43269099
Unlisted
Match 43269099
Overview
Messages
Build Orders
End
Panzergrenadier Squad
Selects Italian Infantry
Panzerpioneer Squad
250 Light Carrier
Construct Light Support Kompanie
MG34 Team
Combat Half-tracks
Fire Support Elements
Flakvierling Half-track
Panzerjäger Mechanized Group
Selects Defensive Operations
Construct Mechanized Kompanie
Pak 38 Anti-tank Gun Team
MG34 Team
2.5-tonne Medical Truck
Selects Prepared Positions
Selects Guastatori Squad
Selects L6/40 Light Tank Combat Group
Marder III Tank Destroyer
Edasek
Brico29
백은
Laosaiking
Majeranek
TomWPL
matrix4x4
夜明
0
0
Comments
sign in to comment!
No comments posted yet!